[Event "Early-Titled-Tuesday-Blitz-March-12-2024"]
[Site "Chess.com"]
[Date "2024.03.12"]
[Round "11"]
[White "lilylg"]
[Black "UnTucopalaTimba"]
[Result "1-0"]
[WhiteElo "2158"]
[BlackElo "1996"]
[TimeControl "180+1"]
[EndTime "10:05:13 PDT"]
[Termination "lilylg won on time"]

1. d4 Nf6 2. c4 e6 3. Nf3 d5 4. g3 Be7 5. Bg2 O-O 6. O-O dxc4 7.
Ne5 Nc6 8. Bxc6 bxc6 9. Nxc6 Qe8 10. Nxe7+ Qxe7 11. Qa4 e5 12. dxe5 Qxe5 13. Qxc4 Be6 14. Qc2 c5 15. Bf4 Qh5 16. f3 Nd5 17. Bd2 Rac8 18.
Nc3 Nb4 19. Qc1 Rfe8 20. a3 Nd5 21. Nxd5 Bxd5 22. e4 Be6 23. Qc3 Bh3 24. Rf2 Be6 25.
Re1 f6 26. Rfe2 Rb8 27. e5 Rb3 28. Qxc5 Qxf3 29. exf6 Qxf6 30. Bc3 Qf7 31. Rf2 Qd7 32. Qg5 Rb7 33. Rfe2 h6 34. Qh5 Re7 35. Qe5 Kf8 36. Rf2+ Kg8 37. Ref1 Re8 38. Qc5 Rb5 39. Rf8+ Kh7 40.
Qe3 Rxf8 41. Rxf8 Qd1+ 42. Rf1 Qd5 43. Qf3 Qxf3 44. Rxf3 Bc4 45. Re3 a5 46. Re7 Rg5 47. Kf2 Rg6 48. h4 h5 49. Re5 Kh6 50. Rc5 Bd3 51. Rxa5 Re6 52. Bd2+ Kh7 53. Rxh5+ Kg8 54.
Be3 Re4 55. Rc5 Ra4 56. Rc3 Bf5 57. b4 Bg4 58. Bc1 Be6 59. Re3 Bd5 60. Bb2 Kf7 61.
Re5 Be6 62. Rg5 g6 63. h5 gxh5 64. Rg7+ Kf8 65. Rg6 Bg4 66. Rg5 Ra8 67. Rd5 Rc8 68.
Rd2 Kf7 69. Ke3 Ke6 70. Rf2 Ra8 71. Rf6+ Ke7 72. Rf4 Rc8 73. Re4+ Kf7 74. Kd3 1-0

[Event "Early-Titled-Tuesday-Blitz-March-12-2024"]
[Site "Chess.com"]
[Date "2024.03.12"]
[Round "11"]
[White "MatthewG-p4p"]
[Black "PLAYER_2006_M"]
[Result "1-0"]
[WhiteElo "2903"]
[BlackElo "2979"]
[TimeControl "180+1"]
[EndTime "10:05:22 PDT"]
[Termination "MatthewG-p4p won by resignation"]

1. e4 e5 2. Nf3 Nf6 3. d4 Nxe4 4. Bd3 d5 5. Nxe5 Nd7 6. Nxd7 Bxd7 7. O-O Bd6 8. Nc3 Nxc3 9. bxc3 O-O 10. Qh5 f5 11.
Bg5 Qe8 12. Qf3 Qf7 13. Bf4 Bxf4 14. Qxf4 c6 15. Rfe1 Rae8 16. h4 Bc8 17. a4 a5 18.
g3 g6 19. Kg2 Re7 20. Rxe7 Qxe7 21. c4 dxc4 22. Bxc4+ Kg7 23. Rb1 Rd8 24. c3 Re8 25.
Bd3 h6 26. c4 Qf6 27. d5 Qe5 28. Qxe5+ Rxe5 29. dxc6 bxc6 30. Rb6 Rc5 31. Kf3 Re5 32. Kf4 Re6 33. c5 Kf6 34. Rb8 g5+ 35. hxg5+ hxg5+ 36.
Kf3 Re8 37. Rb6 Ke5 38. Ke3 Kd5+ 39. Kd2 Kxc5 40. Rb8 Bd7 41. Rb7 Be6 42. Rg7 g4 43. Kc3 Rb8 44. Bc2 Rb4 45. Ra7 Rc4+ 46. Kd2 Kb6 47. Re7 Rd4+ 48. Kc3 Rd6 49. Re8 Kc5 50. Ra8 Kb6 51. Rb8+ Ka7 52. Re8 Kb7 53. Re7+ Kb6 54. Re8 Bd7 55. Rb8+ Kc7 56. Ra8 Kb6 57. Rb8+ Ka7 58.
Rf8 Rd5 59. Bb3 Rd6 60. Bc2 Kb6 61. Bxf5 Bxf5 62. Rxf5 Rd1 63. Rf4 Rf1 64. Rxg4 Rxf2 65. Rf4 Rg2 66. g4 Rg3+ 67. Kd4 Ra3 68. Ke5 Kc5 69. g5 Re3+ 70. Kf6 Rg3 71. g6 Kd5 72.
Rf5+ Kd6 73. Rxa5 c5 74. g7 c4 75. Rg5 Rf3+ 76. Kg6 c3 77. g8=Q 1-0

[Event "Early-Titled-Tuesday-Blitz-March-12-2024"]
[Site "Chess.com"]
[Date "2024.03.12"]
[Round "11"]
[White "FlemingA"]
[Black "Herman-NY"]
[Result "1/2-1/2"]
[WhiteElo "2431"]
[BlackElo "2534"]
[TimeControl "180+1"]
[EndTime "10:05:24 PDT"]
[Termination "Game drawn - insufficient material"]

1. Nf3 Nf6 2. g3 g6 3. Bg2 Bg7 4. O-O O-O 5. d3 d6 6. e4 c5 7. Nc3 Nc6 8. Nd5 Bg4 9. c3 Nxd5 10. exd5 Ne5 11. Bf4 b5 12. Re1 a5 13. Bxe5 Bxe5 14. h3 Bxf3 15. Bxf3 b4 16. Qd2 Rb8 17. c4 a4 18.
Rad1 b3 19. a3 Ra8 20. Bg2 Qa5 21. Qe2 Rfb8 22. f4 Bf6 23. g4 Ra7 24. g5 Bd4+ 25. Kh1 Qd8 26. Rd2 Qf8 27. Qg4 Qg7 28. Ree2 h6 29.
h4 hxg5 30. fxg5 Re8 31. Be4 Rc7 32. Rh2 Be5 33. Rhg2 Qh7 34. Kg1 Kg7 35. Kf1 Rh8 36. Rdf2 Qxh4 37. Qf3 Rf8 38. Ke2 Qh5 39. Qxh5 gxh5 40.
g6 f5 41. Bxf5 Bxb2 42. Be4 Rxf2+ 43. Rxf2 Bf6 44. Kd1 h4 45. Kc1 Rc8 46. Rh2 Rb8 47. Kb1 b2 48. d4 cxd4 49. Rxb2 Rxb2+ 50. Kxb2 h3 51. Kc2 h2 52. Kd3 Kh6 53. Ke2 Kg5 54. Kd3 Kf4 55. Bh1 Kg3 56. Ke2 d3+ 57. Kxd3 Kf2 58.
Ke4 Kg1 59. Bf3 h1=Q 60. Bxh1 Kxh1 61. Kf5 Kg2 62. Ke6 Kf3 63. c5 dxc5 64. d6 c4 65.
d7 c3 66. d8=Q Ke2 67. Qc7 Kd2 68. Qh2+ Kc1 69. Qg1+ Kb2 70. Qb6+ Kxa3 71. Qc5+ Kb2 72. Qb5+ Kc1 73. Qxa4 c2 74. Qb3 Kd2 75. Qb4+ Bc3 76. Qf4+ Kd1 77. Qf3+ Kd2 78. Qf2+ Kd1 79. Qf1+ Be1 80.
Qd3+ Bd2 81. Qc4 Bh6 82. Kxe7 c1=Q 83. Qxc1+ Kxc1 84. Kf7 Kd2 85. Kg8 Ke3 86. Kh7 Bf8 87. Kg8 Bh6 88. Kh7 Bf8 89. g7 Bxg7 1/2-1/2

[Event "Early-Titled-Tuesday-Blitz-March-12-2024"]
[Site "Chess.com"]
[Date "2024.03.12"]
[Round "11"]
[White "viktorskliarov"]
[Black "Viktoker"]
[Result "1/2-1/2"]
[WhiteElo "2587"]
[BlackElo "2501"]
[TimeControl "180+1"]
[EndTime "10:05:29 PDT"]
[Termination "Game drawn - insufficient material"]

1. e4 c5 2. Nf3 d6 3. d4 cxd4 4. Qxd4 Nc6 5. Bb5 a6 6. Bxc6+ bxc6 7. c4 e5 8. Qd3 Be6 9. Nc3 Ne7 10. c5 Ng6 11. cxd6 Qxd6 12. Qe2 Qc7 13. Ng5 Bc8 14. O-O Be7 15. Be3 O-O 16. Qh5 Bxg5 17. Qxg5 Be6 18. Na4 Rab8 19. b3 f6 20. Qg3 Bf7 21. Nc5 Ra8 22.
h4 Nf4 23. Bxf4 exf4 24. Qc3 Rfe8 25. Rfd1 Qe5 26. Qxe5 Rxe5 27. Rac1 f3 28. gxf3 Rh5 29.
Kg2 Rxh4 30. Kg3 Rh6 31. Rd7 Bh5 32. Ne6 Rg6+ 33. Kf4 Rg2 34. Ke3 Bf7 35. Nf4 Rg5 36.
Rxc6 Be8 37. Rcc7 Bxd7 38. Rxd7 a5 39. Ne6 Rg1 40. Kf4 h5 41. Nd4 h4 42. Ne2 Rg2 43.
Ke3 h3 44. Rd1 a4 45. Rh1 h2 46. Nf4 Rg5 47. bxa4 Rxa4 48. Rxh2 Ra3+ 49. Nd3 Rga5 50.
Kd4 R5a4+ 51. Ke3 Ra8 52. Ke2 Rxa2+ 53. Kf1 Ra1+ 54. Kg2 R8a2 55. Nf4 Ra7 56. Nd5 R1a2 57. Kg3 Rb2 58. Rh1 Rb3 59. Rf1 Raa3 60. Ne3 g6 61. Kf4 Kf7 62. Rc1 Rb7 63. Rc5 Re7 64. Kg3 Kg7 65.
Kg2 g5 66. Rc6 Kg6 67. Nf5 Rh7 68. Rc8 Ra1 69. Rg8+ Kf7 70. Rb8 Rhh1 71. Rb7+ Ke8 72.
f4 gxf4 73. Kf3 Rhf1 74. Nd6+ Kd8 75. Nf7+ Kc8 76. Nd6+ Kd8 77. Nf7+ Ke8 78. Nd6+ Kf8 79. Rf7+ Kg8 80. Rxf6 Ra3+ 81. Kxf4 Rxf2+ 82. Ke5 Ra5+ 83.
Ke6 Rxf6+ 84. Kxf6 Kf8 85. Ke6 Rh5 86. e5 Rxe5+ 87.
Kxe5 1/2-1/2